 Dungeon Sprint DCSS version 0.27-a0-1065-ge809cff456 (webtiles) character file.

Game seed: 13173823945632611056

7 mhtbhm the Firebug (level 1, -4/10 HPs)
             Began as a Deep Elf Fire Elementalist on Apr 22, 2021.
             Was an Initiate of Vehumet.
             Killed from afar by a deep elf zephyrmancer (14 damage)
             ... with a bolt of lightning
             ... in the Dungeon (Sprint V: "Ziggurat Sprint").
             The game lasted 00:00:38 (75 turns).

mhtbhm the Firebug (Deep Elf Fire Elementalist)       Turns: 75, Time: 00:00:38

Health: -4/10      AC:  5    Str:  5    XL:     1   Next: 91%
Magic:  7/7        EV: 13    Int: 31    God:    Vehumet [......]
Gold:   0          SH:  0    Dex: 15    Spells: 6/7 levels left

rFire    + . .     SeeInvis .   C - +8 lance "Wyrmbane" {slay drac, rPois rF+ rC+ AC+3}
rCold    + . .     Faith    .   (no shield)
rNeg     . . .     Spirit   .   a - +0 robe
rPois    +         Reflect  .   (no helmet)
rElec    .         Harm     .   (no cloak)
rCorr    .         Rampage  .   (no gloves)
Will     .....     NoTele   +   (no boots)
Stlth    ++........             (no amulet)
HPRegen  0.03/turn              u - +6 ring of intelligence
MPRegen  0.10/turn              v - +6 ring of intelligence

@: no status effects
A: no striking features
a: Renounce Religion


You were in the Dungeon.
You worshipped Vehumet.
Vehumet was noncommittal.
You visited 1 branch

Inventory:

Hand Weapons
 C - the +8 lance "Wyrmbane" (weapon) {slay drac, rPois rF+ rC+ AC+3}
   (You found it in the Dungeon)

   It affects your AC (+3).
   It protects you from fire.
   It protects you from cold.
   It protects you from poison.
Armour
 a - a +0 robe (worn)
Jewellery
 r - the amulet of Cinakhaz {Reflect rCorr Dex+2 SH+5}
   (You found it in the Dungeon)

   [amulet of reflection]

   It reflects blocked missile attacks.
   It affects your dexterity (+2).
   It protects you from acid and corrosion.
   It affects your SH (+5).
 u - a +6 ring of intelligence (left hand)
 v - a +6 ring of intelligence (right hand)
Wands
 y - a wand of mindburst (7)
 z - a wand of iceblast (7)
 A - a wand of acid (6)
Scrolls
 h - 4 scrolls of blinking
 m - 4 scrolls of amnesia
 n - 7 scrolls of fog
 o - a scroll of holy word
 p - 5 scrolls of identify
 q - 2 scrolls of fear
Potions
 b - 2 potions of brilliance
 c - 10 potions of curing
 d - 10 potions of heal wounds
 e - 6 potions of haste
 f - 7 potions of magic
 g - 3 potions of berserk rage
 i - 2 potions of invisibility
 j - 4 potions of resistance
 k - a potion of experience
 l - 5 potions of might
Miscellaneous
 B - a lightning rod (4/4)


   Skills:
 + Level 2.9 Dodging
 + Level 2.8 Stealth
 + Level 3.8 Spellcasting
 + Level 1.1 Conjurations
 + Level 4.6 Fire Magic


You had 6 spell levels left.
You knew the following spells:

 Your Spells              Type           Power      Damage    Failure   Level
a - Foxfire               Conj/Fire      92%        2x1d8     1%          1

Your spell library contained the following spells:

 Spells                   Type           Power      Damage    Failure   Level
 Conjure Flame            Conj/Fire      23%        6-21      5%          3
 Inner Flame              Hex/Fire       20%        N/A       7%          3
 Sticky Flame             Conj/Fire      23%        2d4       19%         4
 Fireball                 Conj/Fire      11%        3d7       45%         5


Dungeon Overview and Level Annotations

Branches:
Dungeon (1/1)

Altars:
Ashenzari
Cheibriados
Dithmenos
Elyvilon
Fedhas
Gozag
Hepliaklqana
Kikubaaqudgha
Makhleb
Nemelex Xobeh
Okawaru
Qazlal
Ru
Sif Muna
Trog
Uskayaw
Vehumet
Wu Jian
Xom
Yredelemnul
Zin
The Shining One
Beogh
Jiyva
Lugonu

Annotations:
D 1 transporter


Message History

Aiming: Thunderbolt
Press: ? - help, Shift-Dir - straight line The thunderbolt hits the adder zombie!
The adder zombie is almost destroyed.
Unknown command.
Unknown command.
Unknown command.
You puncture the adder zombie!
You destroy the adder zombie!
Vehumet accepts your kill.
Your lightning rod (4/4) has regained one charge.
r - the amulet of Cinakhaz {Reflect rCorr Dex+2 SH+5} You see here the +7 plate armour of the Past {Drain rElec SInv}.
You start resting.
Magic restored.
Okay, then.
There is a transporter here.
Welcome to arena 2.
You enter the transporter and appear at another place.
An air elemental and 2 deep elf zephyrmancers come into view.
A vortex of raging winds appears around the air elemental!
Found three items.
Found a transporter.
Unknown command.
Unknown command.
Casting: Foxfire (safe; 1% risk of failure)
Confirm with . or Enter, or press ? or * to list all spells.
Okay, then.
Aiming: Corrosive Bolt
Press: ? - help, Shift-Dir - straight line, f - air elemental
Aim: an air elemental (43% to hit)
The bolt of acid misses the air elemental.
The bolt of acid hits the deep elf zephyrmancer!
The deep elf zephyrmancer is splashed with acid!
The acid corrodes the deep elf zephyrmancer!
The deep elf zephyrmancer is heavily wounded.
The deep elf zephyrmancer shouts! x2
The deep elf zephyrmancer casts a spell at you.
The bolt of lightning hits you!
Ouch! That really hurt!
You die...

▓▓▓▓▓▓▓▓▓▓▓▓▓
▓§8§8§▓.8©8.▓
▓§§§§§▓.....▓
▓§ee§§▓...[.▓
▓§§§§§▓.....▓
▓§§E§§▓.....▓
▓..§..▓..©..▓
▓..@..▓▓▓▓▓▓▓
▓▓▓▓▓▓▓


You could see 2 deep elf zephyrmancers and an air elemental.

Vanquished Creatures
  An adder zombie (D)
  An adder skeleton (D)
2 creatures vanquished.

Notes
Turn   | Place    | Note
-------+----------+-------------------------------------------
     0 | D        | mhtbhm the Deep Elf Fire Elementalist began the quest for
                  | the Orb.
     0 | D        | Reached XP level 1. HP: 10/10 MP: 6/6
     0 | D        | Found a shimmering blue altar of Sif Muna.
     0 | D        | Found a bloodstained altar of Trog.
     0 | D        | Found a sacrificial altar of Ru.
     0 | D        | Found a stormy altar of Qazlal.
     0 | D        | Found an iron altar of Okawaru.
     1 | D        | Found a sparkling altar of Nemelex Xobeh.
     1 | D        | Found a blossoming altar of Fedhas.
     2 | D        | Found the +6 Majin-Bo {vamp, MP+6 Int+6}
     2 | D        | Found the +9 heavy crossbow "Sniper" {vorpal, Acc+∞ SInv}
     2 | D        | Found the +10 dark maul {vorpal}
     2 | D        | Found the +15 Maxwell's patent armour {-Cast -Tele rElec
                  | Will+ rCorr}
     2 | D        | Found the +18 shield of the Gong {rElec rN+ Will+ EV-5}
     2 | D        | Found the +14 obsidian axe {vorpal, Drain Fly SInv}
     2 | D        | Found the +7 great mace "Firestarter" {inner flame, rF++}
     2 | D        | Found the +6 shillelagh "Devastator" {shatter}
     2 | D        | Found the +11 plutonium sword {Contam Stlth-}
     2 | D        | Found the +8 lance "Wyrmbane" {slay drac, rPois rF+ rC+
                  | AC+3}
     2 | D        | Found the +9 sword of Zonguldrok {reap}
     2 | D        | Found the +13 scythe of Curses {drain, Drain}
     2 | D        | Found the +5 sword of Power {vorpal}
     2 | D        | Found the +7 mace of Variability {chain chaos}
     2 | D        | Found the +7 Singing Sword {vorpal, sonic wave}
     2 | D        | Found the +8 storm bow {elec, penet}
     3 | D        | Found a transporter.
     3 | D        | Found an ancient bone altar of Kikubaaqudgha.
     3 | D        | Found a viscous altar of Jiyva.
     3 | D        | Found a corrupted altar of Lugonu.
     3 | D        | Found a hazy altar of Hepliaklqana.
     3 | D        | Found a burning altar of Makhleb.
     3 | D        | Found an opulent altar of Gozag.
    35 | D        | Became a worshipper of Vehumet
    57 | D        | Entered arena 2.
    57 | D        | Found a transporter.
    59 | D        | Reached skill level 4 in Fire Magic
    65 | D        | Got the amulet of Cinakhaz {Reflect rCorr Dex+2 SH+5}
    74 | D        | Entered arena 3.
    74 | D        | Noticed a deep elf zephyrmancer
    74 | D        | Noticed a deep elf zephyrmancer
    74 | D        | Noticed an air elemental
    74 | D        | Found a transporter.
    75 | D        | Killed from afar by a deep elf zephyrmancer

Illustrated notes

Levels and vault maps discovered:
D:        sprint_v [room_start, room_1, room_2, room_3, room_4, room_5, room_6,
          room_7, room_8, room_9, room_10, room_11, room_12, room_13, room_14,
          room_15, room_16, room_17, room_18, room_19, room_20, room_21,
          room_22, room_23, room_24, room_25, room_26, room_27]

Skill      XL: |  1 |
---------------+----+-----
Fire Magic     | 4 |  4.6
Dodging        | |  2.9
Stealth        | |  2.8
Spellcasting   | |  3.8
Conjurations   | |  1.1

Action                   || total
-------------------------++-------
Melee: Lance             ||     1
Evoke: Lightning rod     ||     2
       Wand              ||     1

Table legend: (Time is in decaauts)
 A = Elapsed time spent in this place.
 B = Non-inter-level travel time spent in this place.
 C = Inter-level travel time spent in this place.
 D = Time resting spent in this place.
 E = Time spent auto-exploring this place.
 F = Levels seen in this place.
 G = Mean time per level.
                   A        B        C        D        E       F      G
               +--------+--------+--------+--------+--------+-----+--------+
         Total |     73 |     73 |      0 |      3 |      0 |   1 |   73.0 |
       Dungeon |     73 |     73 |      0 |      3 |      0 |   1 |   73.0 |
               +--------+--------+--------+--------+--------+-----+--------+

Top non-repeatable levels by time:
       D: 73 daAuts
